 Dungeon Crawl Stone Soup version 0.31-a0-233-g139696dc86 (webtiles) character file.

Game seed: 9694546483501371623

54 qw the Shooter (level 3, 0/29 HPs)
             Began as a Minotaur Hexslinger on July 9, 2023.
             Slain by a kobold
             ... wielding a +0 dagger
              (2 damage)
             ... on level 2 of the Dungeon.
             The game lasted 00:00:28 (1101 turns).

qw the Shooter (Minotaur Hexslinger)                Turns: 1101, Time: 00:00:29

Health: 0/29       AC:  2    Str: 12    XL:     3   Next: 66%
Magic:  3/3        EV: 12    Int: 10    God:
Gold:   102        SH:  0    Dex: 14    Spells: 3/4 levels left

rFire   . . .        Y - +1 sling
rCold   . . .        (no shield)
rNeg    . . .        c - +0 robe
rPois   .            (helmet restricted)
rElec   .            (no cloak)
rCorr   .            (no gloves)
SInv    .            (no boots)
Will    .....        (no amulet)
Stlth   +            (no ring)
HPRegen 0.24/turn    (no ring)
MPRegen 0.08/turn

%: no passive effects
@: about to teleport
A: horns 2, retaliatory headbutt
a: no special abilities


You were on level 2 of the Dungeon.
You visited 1 branch of the dungeon, and saw 2 of its levels.

You collected 102 gold pieces.


Innate Abilities, Weirdness & Mutations

You have a pair of horns on your head.
You reflexively headbutt those who attack you in melee.


   Skills:
 - Level 2.0 Fighting
 + Level 4.2 Ranged Weapons
 - Level 2.1 Dodging
 - Level 1.0 Spellcasting
 - Level 2.0 Hexes


You had 3 spell levels left.
You knew the following spells:

 Your Spells              Type           Power      Damage    Failure   Level
a - Slow                  Hex            16%        N/A       16%         1

Your spell library contained the following spells:

 Spells                   Type           Power      Damage    Failure   Level
 Inner Flame              Hex/Fire       2%         N/A       56%         3
 Portal Projectile        Hex/Tloc       4%         N/A       56%         3
 Cause Fear               Hex            2%         N/A       83%         4

Inventory:

Hand Weapons
 Y - a +1 sling (weapon)
Armour
 c - a +0 robe (worn)
 d - a +0 leather armour
Scrolls
 a - a scroll of vulnerability {unknown}
 b - a scroll of identify
 f - a scroll of amnesia {unknown}
Potions
 e - a potion of lignification {unknown}
 h - a potion of curing

Dungeon Overview and Level Annotations

Branches:
Dungeon (2/15)

Altars:


Message History

The kobold is severely wounded.
You shoot a sling bullet.
The sling bullet barely misses the kobold.
The kobold hits you with a +0 whip. The kobold misses you.
You shoot a sling bullet.
The sling bullet barely misses the kobold.
The kobold completely misses you. The kobold closely misses you.
You shoot a sling bullet. The sling bullet hits the kobold.
You kill the kobold!
The kobold hits you with a +0 dagger.
The kobold hits you with a +0 short sword.
The kobold throws a stone.
The stone hits you.
The kobold hits you with a +0 short sword.
The kobold hits you with a +0 whip. The kobold misses you.
The kobold throws a stone.
The stone closely misses you.
You shoot a sling bullet.
The sling bullet hits the kobold but does no damage.
The kobold hits you but does no damage. x2
The kobold hits you with a +0 dagger.
You shoot a sling bullet. The sling bullet hits the kobold!
You kill the kobold!
The kobold hits you with a +0 short sword.
The kobold barely misses you. The kobold hits you with a +0 whip.
You shoot a sling bullet.
The sling bullet hits the kobold but does no damage.
The kobold barely misses you. You furiously retaliate!
You headbutt the kobold, but do no damage.
The kobold hits you with a +0 whip. The kobold hits you with a +0 dagger.
1099 ||| READING scroll of teleportation.
As you read the scroll of teleportation, it crumbles to dust.
You feel strangely unstable. The kobold closely misses you.
The kobold barely misses you. The kobold completely misses you.
You shoot a sling bullet. The sling bullet hits the kobold.
You kill the kobold!
The kobold misses you. The kobold hits you with a +0 whip.
You shoot a sling bullet.
The sling bullet closely misses the kobold.
The kobold hits you with a +0 dagger.
You die...

....}....~~# #.#.##.#.#
~.......~~~# #.#.##.#.#
~~.....~~~~# #.#.##.#.#
~~~~.~~~~~~# #...##.#.#
####'###############..##.#.#
#.#####
#..........##.#.######
#.....#
#..........##.........
#.....#
#..........####.######
#.....#
##..K@)###............
#.....## ##'K)##
#.####.###### #......# #...#
#.# #.# #....%.# #..... #.#
#.# ####'#.##...... #.# #.#
#.#.##?...... #.# #.#
#######.#%##...)... #.. #..
..........##..$....###. .#
...%..#.### .


You could see 2 kobolds.

Vanquished Creatures
  An adder (D:2)
  2 dart slugs
  3 ball pythons
  2 endoplasms (D:1)
  3 giant cockroaches
  6 goblins
  3 hobgoblins (D:2)
  5 kobolds
  6 bats
  4 frilled lizards
  5 rats
40 creatures vanquished.

Notes
Turn   | Place    | Note
-------+----------+-------------------------------------------
     0 | D:1      | qw the Minotaur Hexslinger began the quest for the Orb.
     0 | D:1      | Reached XP level 1. HP: 16/16 MP: 1/1
     0 | D:1      | 0 ||| qw: Version: 0.3-a-51-g015441d
     0 | D:1      | 0 ||| qw: Game counter: 3781
     0 | D:1      | 0 ||| qw: Melee chars always use a shield: true
     0 | D:1      | 0 ||| qw: God list: Okawaru
     0 | D:1      | 0 ||| qw: Allow faded altars: false
     0 | D:1      | 0 ||| qw: Do Orc after clearing Dungeon:15 true
     0 | D:1      | 0 ||| qw: Do second Lair branch before Depths: true
     0 | D:1      | 0 ||| qw: Lair rune preference: random
     0 | D:1      | 0 ||| qw: Goals: Normal
     0 | D:1      | 0 ||| PLANNING D:1-11
   119 | D:1      | Reached skill level 3 in Ranged Weapons
   137 | D:1      | Reached XP level 2. HP: 23/23 MP: 2/2
   451 | D:1      | 451 ||| READING scroll labelled VESOWKEASK.
   456 | D:1      | 456 ||| READING scroll labelled QANULO GOR INO.
   457 | D:1      | 457 ||| READING scroll labelled JACANOHE CU COHIHE.
   458 | D:1      | 458 ||| READING scroll labelled KOYMAGESEAF.
   459 | D:1      | 459 ||| DRINKING 2 ruby potions.
   460 | D:1      | 460 ||| DROPPING scroll of poison.
   494 | D:2      | Reached XP level 3. HP: 29/29 MP: 3/3
   626 | D:2      | 626 ||| FLEEEEING.
   712 | D:2      | Reached skill level 4 in Ranged Weapons
  1098 | D:2      | HP: 7/29 [kobold/+0 whip (3)]
  1099 | D:2      | 1099 ||| READING scroll of teleportation.
  1100 | D:2      | HP: 2/29 [kobold/+0 whip (3)]
  1101 | D:2      | Slain by a kobold

Levels and vault maps discovered:
D:1:      minmay_arrival_plants_in_alcoves, layout_rooms
D:2:      cheibrodos_fertilizer, layout_basic, kennysheep_generic_room_2

Skill      XL: |  1  2  3 |
---------------+----------+-----
Ranged Weapons | 3 4 |  4.2
Fighting       | 2 |  2.0
Dodging        | |  2.1
Spellcasting   | |  1.0
Hexes          | |  2.0

Action                     || total
---------------------------++-------
   Fire: Sling             ||   102
    Use: Scroll            ||     5
         Potion            ||     1
 Armour: Robe              ||     3
  Dodge: Dodged            ||    19

Table legend:
 A = Non-vault XP
 B = Vault XP
 C = Vault XP percentage of total XP
 D = Non-vault monster count
 E = Vault monster count
 F = Vault count percentage of total count
                 A         B        C        D         E       F
            +---------+---------+-------+---------+---------+-------
      Total |      72 |       6 |   7.7 |      36 |       4 |  10.0
            +---------+---------+-------+---------+---------+-------
        D:1 |      36 |       0 |   0.0 |      22 |       0 |   0.0
        D:2 |      36 |       6 |  14.3 |      14 |       4 |  22.2
            +---------+---------+-------+---------+---------+-------
